 Dungeon Crawl Stone Soup version 0.28-a0-1594-ga885d4b3d6 (webtiles) character file.

Game seed: 11209262902533954568

279640 lunkers the Ruinous (level 20, -20/130 HPs)
             Began as a Gargoyle Fire Elementalist on Jan 19, 2022.
             Was the Champion of Vehumet.
             Demolished by a white very ugly thing (36 damage)
             ... on level 2 of the Vaults on Jan 20, 2022.
             The game lasted 02:19:37 (58333 turns).

lunkers the Ruinous (Gargoyle Fire Elementalist)   Turns: 58333, Time: 02:19:38

Health: -20/130    AC: 35    Str: 14    XL:     20   Next: 45%
Magic:  28/39      EV: 13    Int: 25    God:    Vehumet [******]
Gold:   3391       SH:  6    Dex: 11    Spells: 7/50 levels left

rFire   . . .      SeeInvis +   a - staff of conjuration
rCold   . . .      Faith    .   W - +0 buckler {AC+3}
rNeg    + + .      Spirit   .   S - +0 troll leather armour
rPois   ∞          Reflect  .   j - +2 hat
rElec   +          Harm     .   J - +2 cloak {Will+}
rCorr   .          Rampage  .   e - +1 pair of gloves {Stlth+}
Will    +++..                   v - +0 pair of boots
Stlth   +++.......              z - amulet of Zin's Pride {rPois Will+ Regen+ Slay+2 SInv}
HPRegen 1.91/turn               s - +4 ring of protection
MPRegen 0.26/turn               H - ring of the Octopus King {rN+ AC+1 EV+1 Str+1 Int+1 Dex+1}

@: flying
A: sickness immunity, AC +15, big wings, negative energy resistance 1,
electricity resistance, torment resistance 1, petrification resistance
}: 2/15 runes: serpentine, barnacled
a: Renounce Religion


You were on level 2 of the Vaults.
You worshipped Vehumet.
Vehumet was exalted by your worship.
You visited 7 branches of the dungeon, and saw 33 of its levels.
You also visited: Ice Cave and Volcano.

You collected 4099 gold pieces.
You spent 708 gold pieces at shops.

Inventory:

Hand Weapons
 t - a +3 vorpal scimitar
 u - a +4 eveningstar of holy wrath
 x - the +9 staff of Wucad Mu {*channel}
   (You found it on level 6 of the Lair of Beasts)

   It occasionally powers its wielder's spells, but with a chance of causing
   confusion or draining the wielder's intelligence.
   It becomes more likely to activate and less likely to backfire with increased
   Evocations skill.
Missiles
 l - 14 curare-tipped darts
 n - 5 throwing nets
Armour
 e - a +1 pair of gloves of stealth (worn)
 j - a +2 hat (worn)
 v - a +0 pair of boots (worn)
 I - a +0 kite shield
 J - a +2 cloak of willpower (worn)
 S - a +0 troll leather armour (worn)
 W - a +0 buckler of protection (worn)
Magical Staves
 a - a staff of conjuration (weapon)
Jewellery
 s - a +4 ring of protection (left hand)
 z - the amulet of Zin's Pride (around neck) {rPois Will+ Regen+ Slay+2 SInv}
   (You found it on level 6 of the Lair of Beasts)

   [amulet of regeneration]

   Slay:      It affects your accuracy & damage with ranged weapons and melee
   (+2).
   rPois:     It protects you from poison.
   SInv:      It lets you see invisible.
   Regen:     It increases your rate of health regeneration.
   Will:      It increases your willpower.
 H - a ring of the Octopus King (right hand) {rN+ AC+1 EV+1 Str+1 Int+1 Dex+1}
   (You found it on level 4 of the Shoals)

   [ring of positive energy]

   AC:        It affects your AC (+1).
   EV:        It affects your evasion (+1).
   Str:       It affects your strength (+1).
   Int:       It affects your intelligence (+1).
   Dex:       It affects your dexterity (+1).
   rN:        It protects you from negative energy.
 N - a +4 ring of protection
 P - a ring of protection from cold
 V - a ring of wizardry
 X - a ring of ice
Wands
 f - a wand of charming (13)
 p - a wand of digging (7)
 B - a wand of polymorph (18)
 E - a wand of paralysis (8)
 F - a wand of flame (68)
Scrolls
 d - 9 scrolls of teleportation
 g - 4 scrolls of magic mapping
 i - a scroll of fog
 q - 8 scrolls of vulnerability
 w - 5 scrolls of enchant armour
 y - 4 scrolls of immolation
 K - 6 scrolls of fear
 O - a scroll of silence
 T - 3 scrolls of enchant weapon
 U - 3 scrolls of identify
 Y - a scroll of holy word
Potions
 b - 5 potions of heal wounds
 c - 7 potions of haste
 h - 16 potions of curing
 k - 4 potions of invisibility
 m - 7 potions of mutation
 o - 6 potions of lignification
 r - 3 potions of brilliance
 A - 5 potions of attraction
 D - 5 potions of flight
 G - 3 potions of cancellation
 L - 2 potions of berserk rage
 M - 2 potions of magic
 Q - 4 potions of might
 R - a potion of ambrosia


   Skills:
 + Level 15.4 Fighting
 - Level 4.0 Staves
 - Level 5.0 Dodging
 - Level 2.1 Stealth
 - Level 10.0 Shields
 + Level 15.6 Spellcasting
 * Level 24.2 Conjurations
 + Level 13.1 Fire Magic
 - Level 9.8 Earth Magic
 - Level 4.0 Evocations


You had 7 spell levels left.
You knew the following spells:

 Your Spells              Type           Power      Damage    Failure   Level
a - Iron Shot             Conj/Erth      51%        9d10      1%          6
b - Scorch                Fire           100%       2d10      1%          2
c - Flame Wave            Conj/Fire      100%       2d14      0%          4
d - Starburst             Conj/Fire      53%        6d14      1%          6
f - Lee's Rapid Deconstr  Erth           31%        3d17*     1%          5
g - Fireball              Conj/Fire      53%        3d21      1%          5
h - Orb of Destruction    Conj           59%        9d14      1%          7
i - Lehudib's Crystal Sp  Conj/Erth      51%        10d12     7%          8

Your spell library contained the following spells:

 Spells                   Type           Power      Damage    Failure   Level
 Fire Storm               Conj/Fire      53%        8d13      45%         9
 Polar Vortex             Ice            9%         N/A       100%        9
 Shatter                  Erth           31%        3d25*     100%        9
 Foxfire                  Conj/Fire      100%       2x1d9     0%          1
 Conjure Flame            Conj/Fire      100%       6-21      0%          3
 Iskenderun's Battlesphe  Conj           100%       2d15      0%          5
 Freeze                   Ice            76%        1d9       1%          1
 Shock                    Conj/Air       100%       1d9       1%          1
 Inner Flame              Hex/Fire       51%        N/A       1%          3
 Hailstorm                Conj/Ice       88%        3d18      1%          4
 Conjure Ball Lightning   Conj/Air       44%        3x3d15    1%          6
 Frozen Ramparts          Ice            38%        1d5       3%          3
 Beastly Appendage        Tmut           38%        N/A       4%          1
 Slow                     Hex            76%        N/A       4%          1
 Sting                    Tmut/Pois      76%        1d6       4%          1
 Animate Armour           Summ/Erth      88%        N/A       5%          4
 Leda's Liquefaction      Hex/Erth       22%        N/A       5%          4
 Spellforged Servitor     Conj/Summ      44%        N/A       7%          7
 Airstrike                Air            9%         N/A       11%         4
 Call Canine Familiar     Summ           19%        N/A       13%         3
 Confusing Touch          Hex            19%        N/A       13%         3
 Ozocubu's Armour         Ice            19%        N/A       13%         3
 Portal Projectile        Hex/Tloc       38%        N/A       13%         3
 Summon Guardian Golem    Hex/Summ       19%        N/A       13%         3
 Swiftness                Air            19%        N/A       13%         3
 Vampiric Draining        Necr           19%        2d7       13%         3
 Yara's Violent Unravell  Hex/Tmut       9%         3d6       28%         5
 Ice Form                 Ice/Tmut       19%        N/A       38%         4
 Summon Ice Beast         Ice/Summ       19%        N/A       38%         4
 Summon Lightning Spire   Summ/Air       19%        N/A       38%         4
 Blade Hands              Tmut           9%         N/A       75%         5
 Eringya's Noxious Bog    Tmut/Pois      9%         N/A       82%         6
 Ozocubu's Refrigeration  Ice            9%         4d6       100%        7
 Storm Form               Tmut/Air       9%         N/A       100%        7
 Ignition                 Fire           35%        3d11      30%         8
 Maxwell's Capacitive Co  Air            9%         ∞         100%        8
 Statue Form              Tmut/Erth      Unusable   N/A       N/A         6

Dungeon Overview and Level Annotations

Branches:
Dungeon (14/15)            Temple (1/1) D:6            Lair (6/6) D:9
 Shoals (4/4) Lair:2        Snake (4/4) Lair:4        Slime (0/5) Lair:6
    Orc (2/2) D:10            Elf (0/3) Orc:2        Vaults (2/5) D:14
  IceCv (visited)         Volcano (visited)
  Crypt: Vaults:2-3

Altars:
Ashenzari
Cheibriados
Dithmenos
Elyvilon
Fedhas
Gozag
Hepliaklqana
Kikubaaqudgha
Makhleb
Nemelex Xobeh
Okawaru
Qazlal
Ru
Sif Muna
Trog
Uskayaw
Vehumet
Wu Jian
Xom
Yredelemnul
Zin
The Shining One
Beogh

Shops:
D:4 (   D:5 [**   D:10 ?   D:13 =   Orc:2 !*(:   Shoals:1 *   Snake:1 :?
Vaults:1 [   Vaults:2 !

Annotations:
Lair:2 3 runed translucent doors, willcat's ghost, journeyman OgGl
Lair:6 exclusion: oklob plant
Vaults:2 24 runed doors


Innate Abilities, Weirdness & Mutations

You are immune to sickness and miasma.
Your stone body is resilient. (AC +15)
You are immune to poison.
Your large and strong wings let you fly.
You resist negative energy. (rN+)
You are resistant to electric shocks. (rElec)
You are resistant to unholy torment.
You are immune to petrification.


Message History

The white very ugly thing barely misses you.
The purple ugly thing engulfs you but does no damage.
You barely miss the white very ugly thing.
The white very ugly thing gores you but does no damage.
The purple ugly thing closely misses you.
You hit the white very ugly thing but do no damage.
The white very ugly thing gores you but does no damage.
The purple ugly thing engulfs you but does no damage.
You hit the white very ugly thing.
You blast the white very ugly thing!
The white very ugly thing is lightly wounded.
You block the white very ugly thing's attack.
The purple ugly thing engulfs you.
You hit the white very ugly thing but do no damage.
You blast the white very ugly thing!
The white very ugly thing is moderately wounded.
You block the white very ugly thing's attack.
The purple ugly thing closely misses you.
You completely miss the white very ugly thing.
The white very ugly thing is moderately wounded.
The white very ugly thing gores you but does no damage.
The purple ugly thing closely misses you.
You hit the white very ugly thing.
You blast the white very ugly thing.
The white very ugly thing is moderately wounded.
The white very ugly thing closely misses you.
The purple ugly thing engulfs you!
You hit the white very ugly thing.
You blast the white very ugly thing.
The white very ugly thing is moderately wounded.
The white very ugly thing gores you but does no damage.
You block the purple ugly thing's attack.
You closely miss the white very ugly thing.
The white very ugly thing is moderately wounded.
The white very ugly thing gores you!
* * * LOW HITPOINT WARNING * * *
The white very ugly thing freezes you!!!
* * * LOW HITPOINT WARNING * * *
The purple ugly thing engulfs you but does no damage.
The white very ugly thing gores you!
* * * LOW HITPOINT WARNING * * *
The white very ugly thing freezes you!!!
You die...

#..+ #..+ #############..+ #...
.......#..+ #... ###....#..+ #..
##.##...#..+ #..##...##..)..+
#.##.....##u#..++++++++++.
#.........@u#.u..u.u......
#######.##.....##.#.............
......#..##...##..##############
......#...##.##...#
......#....###....#
..................#
......############# ......#
......#


You could see a white very ugly thing and a purple ugly thing.

Vanquished Creatures
  Xtahua (Vaults:2)
  Rupert (D:14)
  A kraken (Shoals:2)
  A sphinx (Vaults:1)
  Polyphemus (Shoals:4)
  Gastronok (Lair:3)
  Roxanne (D:14)
  Donald (Vaults:1)
  Ilsuiw (Shoals:4)
  3 nagarajas (Snake:4)
  2 orc warlords
  9 vault wardens
  Aizul (Snake:1)
  7 ironbound preservers
  6 very ugly things
  6 ironbound thunderhulks (Vaults:2)
  An entropy weaver (Vaults:1)
  A white draconian (IceCv)
  9 dire elephants
  4 merfolk javelineers (Shoals:4)
  Josephine (Lair:6)
  2 ettins
  10 merfolk impalers
  A great orb of eyes (Vaults:1)
  A crystal guardian (Vaults:2)
  5 vault guards
  7 yaktaur captains
  3 salamander tyrants (Snake:4)
  12 hydras
  13 naga warriors
  The ghost of Rozof the Cleaver, a journeyman GnCA of Ignis (Lair:1)
  2 boulder beetles
  3 ironbound frosthearts (Vaults:2)
  A peacekeeper (Vaults:2)
  6 catoblepae
  21 centaur warriors
  2 satyrs (Shoals:4)
  7 anacondas
  3 merfolk avatars
  25 death yaks
  2 tengu warriors (D:14)
  3 two-headed ogres
  3 orc high priests (Orc:2)
  13 naga sharpshooters
  6 shock serpents
  Urug (Orc:1)
  9 salamander mystics
  6 sea snakes
  6 naga ritualists
  12 harpies
  27 deep trolls
  5 wizards
  A phantasmal warrior (D:14)
  A glowing orange brain (Vaults:2)
  13 lindwurms
  7 ironbound convokers
  5 mana vipers
  A necromancer (Vaults:1)
  16 ugly things
  8 orc knights
  3 deep elf pyromancers
  12 manticores
  4 cyclopes
  16 fauns
  4 orc sorcerers
  23 salamanders
  An oklob plant (Lair:4)
  2 ice statues (IceCv)
  8 merfolk sirens
  8 vault sentinels
  6 guardian serpents
  33 black mambas
  25 naga magi
  14 cane toads
  Maggie (D:9)
  A gargoyle (D:14)
  5 unseen horrors
  7 water nymphs
  A kobold demonologist (D:11)
  9 komodo dragons
  An efreet (D:13)
  A freezing wraith (Vaults:1)
  25 yaktaurs
  4 rime drakes (IceCv)
  A troll (shapeshifter) (D:14)
  19 merfolk
  3 wind drakes
  6 trolls
  3 polar bears
  Prince Ribbit (D:7)
  7 snapping turtles
  An ettin zombie (Vaults:1)
  22 blink frogs
  Grinder (D:3)
  A blink frog (shapeshifter) (D:14)
  42 slime creatures
  3 dream sheep (Shoals:2)
  A culicivora (Vaults:1)
  5 water elementals
  3 wraiths (Lair:6)
  A vampire (D:10)
  3 spriggans (Lair:1)
  2 wyverns
  3 basilisks
  41 yaks
  5 vampire mosquitoes
  2 steam dragons (D:7)
  Grum (Lair:1)
  2 redbacks (Vaults:1)
  2 wargs
  40 nagas
  21 water moccasins
  20 orc warriors
  4 black bears
  A necrophage (D:7)
  2 ice beasts (D:6)
  7 ogres
  8 centaurs
  8 wolves
  6 phantoms
  2 gnoll sergeants
  6 bullfrogs
  A wyvern zombie (D:8)
  2 scorpions
  12 killer bees
  3 lindwurm simulacra (IceCv)
  4 electric eels
  4 howler monkeys
  4 wights (D:8)
  3 centaur zombies
  2 human simulacra (Vaults:1)
  5 komodo dragon simulacra (IceCv)
  2 bullfrog skeletons
  2 hounds
  6 jellies
  13 orc priests
  Jessica (D:3)
  5 iguanas
  18 orc wizards
  A killer bee zombie (D:9)
  6 ogre zombies (D:10)
  2 howler monkey zombies
  A hound skeleton (D:4)
  12 gnolls
  A river rat (D:3)
  8 acid dragon simulacra (IceCv)
  22 adders
  A white imp (D:5)
  3 ufetubi
  5 steam dragon simulacra (IceCv)
  6 worms (D:3)
  A dart slug (D:2)
  47 orcs
  2 ball pythons (D:1)
  11 endoplasms
  5 giant cockroaches
  5 goblins
  11 hobgoblins
  4 kobolds
  2 quokkas
  7 bats
  A frilled lizard (D:1)
  2 hobgoblin skeletons (D:10)
  2 hobgoblin zombies (D:10)
  4 orc skeletons (D:10)
  11 orc zombies (D:10)
  10 rats
  2 tentacles (Shoals:2)
1131 creatures vanquished.

Vanquished Creatures (collateral kills)
  13 foxfires
13 creatures vanquished.

Vanquished Creatures (others)
  A merfolk aquamancer (Shoals:3)
  A salamander (Snake:4)
  An orc wizard (Orc:2)
  2 bushes (Lair:6)
  788 foxfires
  16 fungi
  67 plants
  11 tentacles (Shoals:2)
887 creatures vanquished.

Grand Total: 2031 creatures vanquished

Notes
Turn   | Place    | Note
-------+----------+-------------------------------------------
     0 | D:1      | lunkers the Gargoyle Fire Elementalist began the quest for
                  | the Orb.
     0 | D:1      | Reached XP level 1. HP: 10/10 MP: 3/3
   231 | D:1      | Reached XP level 2. HP: 15/15 MP: 3/5
   662 | D:1      | Reached skill level 2 in Conjurations
   665 | D:1      | Learned a level 2 spell: Scorch
   872 | D:1      | Reached XP level 3. HP: 4/19 MP: 0/6
  2003 | D:2      | Reached XP level 4. HP: 24/24 MP: 0/7
  2400 | D:2      | Learned a level 4 spell: Flame Wave
  2792 | D:3      | Reached skill level 3 in Conjurations
  2898 | D:3      | Found a shadowy altar of Dithmenos.
  3090 | D:3      | Found a bloodstained altar of Trog.
  3096 | D:3      | Reached XP level 5. HP: 28/28 MP: 1/9
  3764 | D:3      | Noticed Grinder
  3767 | D:3      | Paralysed by Grinder for 7 turns
  3775 | D:3      | Killed Grinder
  3776 | D:3      | Reached skill level 4 in Conjurations
  3776 | D:3      | Reached skill level 5 in Fire Magic
  3776 | D:3      | Reached XP level 6. HP: 5/32 MP: 0/11
  4438 | D:3      | Reached XP level 7. HP: 36/36 MP: 1/12
  4516 | D:3      | Reached skill level 5 in Conjurations
  4866 | D:3      | Noticed Jessica
  4870 | D:3      | Killed Jessica
  5134 | D:4      | Found Isany's Firing Range.
  5934 | D:5      | Entered Level 5 of the Dungeon
  5934 | D:5      | Found Kuca's Armour Shop.
  6253 | D:5      | Reached skill level 6 in Conjurations
  6334 | D:5      | Found Eziczar's Specific Store.
  6338 | D:5      | Found Tueclin's General Store.
  6398 | D:5      | Reached XP level 8. HP: 41/41 MP: 9/14
  7074 | D:6      | Reached skill level 7 in Conjurations
  7461 | D:6      | Reached skill level 5 in Spellcasting
  7524 | D:6      | Reached skill level 8 in Conjurations
  7524 | D:6      | Reached XP level 9. HP: 45/45 MP: 9/16
  7589 | D:6      | Found a staircase to the Ecumenical Temple.
  7970 | Temple   | Entered the Ecumenical Temple
  8047 | Temple   | Became a worshipper of Vehumet
  8121 | D:7      | Noticed Prince Ribbit
  8128 | D:7      | Killed Prince Ribbit
  8211 | D:7      | Reached skill level 9 in Conjurations
  8584 | D:7      | Found an opulent altar of Gozag.
  8622 | D:7      | Found an iron altar of Okawaru.
  8637 | D:7      | Learned a level 5 spell: Iskenderun's Battlesphere
  8943 | D:7      | Found a shimmering altar of Xom.
  9165 | D:7      | Reached skill level 10 in Conjurations
 10202 | D:8      | Reached * piety under Vehumet
 10202 | D:8      | Offered knowledge of Sandblast by Vehumet.
 10290 | D:8      | Reached XP level 10. HP: 32/50 MP: 11/20
 10436 | D:8      | Killed an unseen horror
 10437 | D:8      | Reached skill level 11 in Conjurations
 10669 | D:8      | Found a white marble altar of Elyvilon.
 11061 | D:9      | Found a staircase to the Lair.
 11442 | D:9      | Noticed Maggie
 11444 | D:9      | Reached skill level 12 in Conjurations
 11450 | D:9      | Killed Maggie
 11691 | D:9      | Found a burning altar of Makhleb.
 11973 | D:9      | Found a basalt altar of Yredelemnul.
 12107 | Lair:1   | Entered Level 1 of the Lair of Beasts
 12207 | Lair:1   | Found a runed translucent door.
 12210 | Lair:1   | Noticed Rozof's ghost (journeyman GnCA)
 12212 | Lair:1   | Identified the +9 trident of Duon {antimagic, Fragile rC-
                  | rCorr Str+10}
 12531 | Lair:1   | Noticed a cane toad
 12537 | Lair:1   | Noticed Grum
 12547 | Lair:1   | Killed Grum
 12549 | Lair:1   | Killed a cane toad
 12550 | Lair:1   | Reached skill level 13 in Conjurations
 12872 | Lair:1   | Reached XP level 11. HP: 49/54 MP: 18/23
 13227 | Lair:1   | Killed Rozof's ghost
 13228 | Lair:1   | Reached skill level 14 in Conjurations
 13438 | Lair:2   | Offered knowledge of Shock by Vehumet.
 13439 | Lair:2   | Reached ** piety under Vehumet
 13719 | Lair:2   | Reached skill level 1 in Fighting
 13719 | Lair:2   | Reached skill level 1 in Shields
 13797 | Lair:2   | Noticed a four-headed hydra
 13802 | Lair:2   | Killed a four-headed hydra
 13867 | Lair:2   | Noticed willcat's ghost (journeyman OgGl)
 14007 | Lair:2   | Found a runed translucent gate.
 14007 | Lair:2   | Found a runed translucent gate.
 14007 | Lair:2   | Found a runed translucent gate.
 14024 | Lair:2   | Noticed a seven-headed hydra
 14028 | Lair:2   | Noticed a catoblepas
 14030 | Lair:2   | Killed a seven-headed hydra
 14031 | Lair:2   | Reached skill level 15 in Conjurations
 14043 | Lair:2   | Killed a catoblepas
 14044 | Lair:2   | Reached XP level 12. HP: 57/64 MP: 6/25
 14226 | Lair:2   | Found a staircase to the Shoals.
 14970 | Lair:3   | Noticed a five-headed hydra
 14979 | Lair:3   | Killed a five-headed hydra
 15306 | Lair:3   | Noticed Gastronok
 15319 | Lair:3   | Killed Gastronok
 15711 | Lair:3   | Found a shimmering altar of Xom.
 15719 | Lair:3   | Offered knowledge of Poisonous Vapours by Vehumet.
 16041 | Lair:4   | Reached *** piety under Vehumet
 16042 | Lair:4   | Reached skill level 5 in Shields
 16042 | Lair:4   | Reached skill level 10 in Spellcasting
 16044 | Lair:4   | Reached skill level 5 in Fighting
 16044 | Lair:4   | Reached skill level 16 in Conjurations
 16487 | Lair:4   | Found a staircase to the Snake Pit.
 16752 | Lair:4   | Found a glowing golden altar of the Shining One.
 16984 | Lair:4   | Noticed a four-headed hydra
 16990 | Lair:4   | Killed a four-headed hydra
 16991 | Lair:4   | Reached XP level 13. HP: 64/74 MP: 17/27
 17990 | Lair:5   | Reached skill level 17 in Conjurations
 18180 | Lair:5   | Offered knowledge of Sticky Flame by Vehumet.
 19200 | Lair:6   | Entered Level 6 of the Lair of Beasts
 19297 | Lair:6   | Learned a level 6 spell: Iron Shot
 19319 | Lair:6   | Identified the amulet of Zin's Pride {rPois Will+ Regen+
                  | Slay+2 SInv}
 19334 | Lair:6   | Found a dark tunnel.
 19448 | Lair:5   | Reached skill level 1 in Earth Magic
 19449 | Lair:5   | Reached **** piety under Vehumet
 19639 | Volcano  | Entered a volcano
 19734 | Volcano  | Offered knowledge of Hailstorm by Vehumet.
 19739 | Volcano  | Gained mutation: Your large and strong wings let you fly.
                  | [Gargoyle growth]
 19739 | Volcano  | Reached XP level 14. HP: 28/83 MP: 6/29
 19888 | Lair:6   | Noticed Josephine
 19909 | Lair:6   | Killed Josephine
 19910 | Lair:6   | Reached skill level 18 in Conjurations
 20091 | Lair:6   | Found a staircase to the Slime Pits.
 22349 | Lair:6   | Reached skill level 1 in Staves
 22475 | Lair:6   | Reached skill level 1 in Evocations
 22602 | Lair:6   | Found the +9 staff of Wucad Mu {*channel}
 22912 | D:10     | Entered Level 10 of the Dungeon
 23028 | D:10     | Reached ***** piety under Vehumet
 23028 | D:10     | Offered knowledge of Lee's Rapid Deconstruction by Vehumet.
 23035 | D:10     | Learned a level 5 spell: Lee's Rapid Deconstruction
 23111 | D:10     | Found a staircase to the Orcish Mines.
 23940 | D:10     | Found Mienez's Magic Scroll Emporium.
 24046 | Orc:1    | Entered Level 1 of the Orcish Mines
 24399 | Orc:1    | Identified a scroll of acquirement
 24399 | Orc:1    | Acquired a book of the Spheres
 24407 | Orc:1    | Learned a level 5 spell: Fireball
 24415 | Orc:1    | Learned a level 7 spell: Orb of Destruction
 24422 | Orc:2    | Entered Level 2 of the Orcish Mines
 24429 | Orc:2    | Reached skill level 5 in Earth Magic
 24431 | Orc:2    | Noticed an orc warlord
 24775 | Orc:2    | Found a staircase to the Elven Halls.
 25273 | Orc:1    | Killed an orc warlord
 25869 | Orc:2    | Offered knowledge of Fulminant Prism by Vehumet.
 25877 | Orc:2    | Reached XP level 15. HP: 7/90 MP: 8/30
 26191 | Orc:1    | Noticed Urug
 26193 | Orc:1    | Killed Urug
 26729 | Orc:2    | Reached skill level 19 in Conjurations
 26980 | Orc:2    | Found Hiwukiess's Book Emporium.
 26980 | Orc:2    | Found Ofuw's Distillery.
 26982 | Orc:2    | Found Wouc's Weapon Emporium.
 26982 | Orc:2    | Found Sason's General Store.
 26988 | Orc:2    | Bought a book of Fire for 528 gold pieces
 27068 | Orc:2    | Bought a potion of haste for 150 gold pieces
 28354 | D:12     | Found a frozen archway.
 28360 | IceCv    | Entered an ice cave
 29425 | IceCv    | Identified the ring of Curoegeb {rCorr MP-9 Int+4}
 30452 | D:12     | Offered knowledge of Yara's Violent Unravelling by Vehumet.
 32001 | D:13     | Reached skill level 10 in Fighting
 32104 | D:13     | Reached skill level 10 in Shields
 32511 | D:13     | Found Loijebus's Jewellery Shoppe.
 32764 | D:14     | Noticed Rupert
 32778 | D:14     | Killed Rupert
 33331 | D:14     | Found a gate to the Vaults.
 33403 | D:14     | Reached XP level 16. HP: 98/98 MP: 9/32
 33626 | D:14     | Identified Roxanne's Catalogue of Changing
 33626 | D:14     | Noticed Roxanne
 33638 | D:14     | Killed Roxanne
 34382 | Snake:1  | Entered Level 1 of the Snake Pit
 34479 | Snake:1  | Reached skill level 20 in Conjurations
 34652 | Snake:1  | Found Ycraeg's Book Emporium.
 34659 | Snake:1  | Found Wynkoc's Magic Scroll Shoppe.
 34789 | Snake:1  | Bought a scroll of teleportation for 30 gold pieces
 34920 | Snake:1  | Acquired a +2 cloak of willpower
 34981 | Snake:1  | Noticed Aizul
 34987 | Snake:1  | Killed Aizul
 35474 | Snake:1  | Offered knowledge of Freezing Cloud by Vehumet.
 39048 | Snake:3  | Found an ornate altar of the Wu Jian Council.
 39769 | Snake:3  | Reached skill level 21 in Conjurations
 40444 | Snake:3  | Reached XP level 17. HP: 106/106 MP: 9/34
 41069 | Snake:4  | Entered Level 4 of the Snake Pit
 42281 | Snake:4  | Found an ancient bone altar of Kikubaaqudgha.
 43225 | Snake:4  | Reached ****** piety under Vehumet
 43523 | Snake:4  | Offered knowledge of Lightning Bolt by Vehumet.
 44872 | Snake:4  | Got a serpentine rune of Zot
 45326 | Shoals:1 | Entered Level 1 of the Shoals
 45326 | Shoals:1 | Found an ancient bone altar of Kikubaaqudgha.
 46328 | Shoals:1 | Found a stormy altar of Qazlal.
 46595 | Shoals:1 | Found Joum's Overcharged Wands.
 46760 | Shoals:1 | Reached XP level 18. HP: 113/113 MP: 9/35
 47086 | Shoals:2 | Reached skill level 10 in Fire Magic
 50144 | Shoals:4 | Entered Level 4 of the Shoals
 50148 | Shoals:4 | Offered knowledge of Irradiate by Vehumet.
 50420 | Shoals:4 | Found the ring of the Octopus King
 50431 | Shoals:4 | Reached skill level 5 in Dodging
 50437 | Shoals:4 | Identified a ring of the Octopus King {rN+ AC+1 EV+1 Str+1
                  | Int+1 Dex+1}
 50550 | Shoals:4 | Identified the +12 dagger of the Hall of Blades {distort,
                  | rC+}
 50636 | Shoals:4 | Noticed Ilsuiw
 50642 | Shoals:4 | Killed Ilsuiw
 50643 | Shoals:4 | Reached skill level 22 in Conjurations
 51204 | Shoals:4 | Noticed Polyphemus
 51214 | Shoals:4 | Killed Polyphemus
 51453 | Shoals:4 | Found a blossoming altar of Fedhas.
 51734 | Shoals:4 | Got a barnacled rune of Zot
 52159 | Vaults:1 | Entered Level 1 of the Vaults
 52532 | Vaults:1 | Identified the +2 kite shield "Teeh" {Dex+7}
 52532 | Vaults:1 | Noticed Donald
 52544 | Vaults:1 | Killed Donald
 52959 | Vaults:1 | Offered knowledge of Lehudib's Crystal Spear by Vehumet.
 53105 | Vaults:1 | Reached XP level 19. HP: 120/120 MP: 21/37
 54258 | Vaults:1 | Reached skill level 23 in Conjurations
 55141 | Vaults:1 | Learned a level 8 spell: Lehudib's Crystal Spear
 55247 | Vaults:1 | Found Vuosiplu's Armour Emporium.
 55503 | Vaults:1 | Reached skill level 15 in Spellcasting
 56442 | Vaults:2 | Found a huge runed gate.
 56442 | Vaults:2 | Found a huge runed gate.
 56442 | Vaults:2 | Found a huge runed gate.
 56442 | Vaults:2 | Found a huge runed gate.
 56442 | Vaults:2 | Found a huge runed gate.
 56442 | Vaults:2 | Found a huge runed gate.
 56443 | Vaults:2 | Found a huge runed gate.
 56443 | Vaults:2 | Found a huge runed gate.
 56443 | Vaults:2 | Found a huge runed gate.
 56443 | Vaults:2 | Found a huge runed gate.
 56443 | Vaults:2 | Found a huge runed gate.
 56444 | Vaults:2 | Found a huge runed gate.
 56507 | Vaults:2 | Noticed Xtahua
 56526 | Vaults:2 | Learned a level 6 spell: Starburst
 57017 | Vaults:2 | Reached skill level 15 in Fighting
 57017 | Vaults:2 | Reached XP level 20. HP: 64/129 MP: 14/39
 57061 | Vaults:2 | Offered knowledge of Fire Storm by Vehumet.
 57061 | Vaults:2 | Offered knowledge of Shatter by Vehumet.
 57061 | Vaults:2 | Offered knowledge of Polar Vortex by Vehumet.
 57375 | Vaults:2 | Upgraded the game from 0.28-a0-1567-g1695149f81 to
                  | 0.28-a0-1594-ga885d4b3d6
 57386 | Vaults:2 | Reached skill level 24 in Conjurations
 57608 | Vaults:2 | Found Ikioklebra's Distillery.
 57645 | Vaults:2 | Killed Xtahua
 58274 | Vaults:2 | Found a huge runed gate.
 58274 | Vaults:2 | Found a huge runed gate.
 58275 | Vaults:2 | Found a huge runed gate.
 58278 | Vaults:2 | Found a huge runed gate.
 58278 | Vaults:2 | Found a huge runed gate.
 58278 | Vaults:2 | Found a huge runed gate.
 58278 | Vaults:2 | Found a huge runed gate.
 58278 | Vaults:2 | Found a huge runed gate.
 58278 | Vaults:2 | Found a huge runed gate.
 58279 | Vaults:2 | Found a huge runed gate.
 58280 | Vaults:2 | Found a huge runed gate.
 58281 | Vaults:2 | Found a huge runed gate.
 58333 | Vaults:2 | Demolished by a white very ugly thing

Illustrated notes

Levels and vault maps discovered:
D:1:      amcnicky_arrival_single_pillar, layout_loops_ring,
          minmay_misc_feat_more_columns, minmay_door_square
D:2:      layout_basic, shapermc_ecumenical_altar_petra
D:3:      layout_loops_corners, nicolae_dithmenos_the_darkroom,
          trog_three_pillars_becter, lightli_sewer_entry_pipes,
          grunt_decor_one_mirror, uniq_grinder, uniq_jessica
D:4:      layout_loops_ring, nicolae_shop_firing_range
D:5:      layout_basic, nicolae_stop_n_shop_2, nicolae_specific_store
D:6:      layout_rooms, minmay_temple_entry_enclosed_plants, st_stairs_4,
          kennysheep_small_square
D:7:      layout_basic, xom_butterflies, okawaru_trees_1,
          overflow_temple_1_default, lemuel_flame_loot_1, uniq_prince_ribbit1
D:8:      layout_basic, nicolae_elyvilon_peaceful_grove
D:9:      layout_basic, bloody_makhleb, lemuel_zombie_altar_yredelemnul,
          lair_entry_dummy, uniq_maggie
D:10:     layout_loops_ring, zombieorc1_lemuel, serial_shops, shop, minivault_4
D:11:     layout_irregular_city, palyth_stone_intersect
D:12:     layout_cave_pools, portal_ice_cave_entry_pillars_2
D:13:     layout_roguey, serial_shops, shop
D:14:     layout_long_grid, david_vaults_4, skrybe_limestone_x, serial_glass,
          glass_columns_a, glass_columns_b, uniq_rupert, uniq_roxanne
Temple:   eino_temple_lava
Lair:1:   layout_regular_city, ebering_ghost_funeral_grove,
          dpeg_stationary_puzzle, uniq_grum
Lair:2:   layout_regular_city, shoals_dummy_entry, gammafunk_ghost_icy,
          grunt_megastairs_5
Lair:3:   layout_layer_cave, chequers_serial_rivers_micro_e,
          lemuel_centaur_altar, grunt_megastairs_4, infiniplex_staircase_pool,
          serial_bayou_shore_b, uniq_gastronok
Lair:4:   layout_cave_shapes, minmay_snake_entry_six_corridors,
          small_statue_intersection, lemuel_oklob_altar
Lair:5:   layout_gridlike
Lair:6:   evilmike_catoblepas_cave, layout_cave_pods,
          nicolae_slime_entry_slimehenge, nicolae_volcano_entry_two_sided,
          minmay_lair_oklob_items, minivault_11, uniq_josephine
Shoals:1: layout_shoals, nicolae_shoals_stone_sculpture_thing,
          hangedman_feature_mirror, nicolae_shop_overcharged_wands
Shoals:2: layout_shoals, nicolae_shoals_square_sea_wall
Shoals:3: layout_shoals, nicolae_shoals_hunting_party
Shoals:4: shoals_end_grunt_garden, layout_shoals, shoals_ilsuiw_alternative,
          lemuel_altar_in_water, uniq_polyphemus
Snake:1:  layout_misc_corridors, serial_bayou_crossing, minmay_shoptagon,
          uniq_aizul
Snake:2:  layout_layer_cave
Snake:3:  layout_chambers, basic_altar, grunt_megastairs_2
Snake:4:  snake_pit, layout_layer_cave, basic_altar
Orc:1:    layout_caves, special_room [special_room_orc], uniq_urug
Orc:2:    grunt_orc_tribal_feast, layout_caves, mines1_david
Vaults:1: vaults_dpeg_ring, nicolae_vaults_big_ls, v_misc_26, vaults_dpeg_doors,
          nicolae_vaults_network_s, vaults_mumra_lcd,
          nicolae_vaults_border_crossing, ontoclasm_vaults_claustrophobia,
          dpeg_vaults_monster_box, vaults_mumra_chevron, layout_vaults_big_room,
          uniq_donald
Vaults:2: v_alt_pattern_6, v_pattern_3, v_alt_pattern_5,
          vaults_standard_mumra_enter_the_diamond,
          nicolae_vaults_three_branches, vaults_mumra_minichess_inversion,
          not_door_vault_due, grunt_vaults_focal, v_misc_19,
          nicolae_vaults_rhombus_6, layout_vaults_omnibox, serial_shops,
          nicolae_shop_crystal, uniq_xtahua

Skill      XL: |  1  2  3  4  5  6  7  8  9 10 11 12 13 14 15 16 17 18 19 20 |
---------------+-------------------------------------------------------------+-----
Conjurations   | 2 3 4 6 8 10 13 15 16 17 18 19 21 22 23 24 | 24.2
Fire Magic     | 4 5 6 7 9 11 12 13 | 13.1
Spellcasting   | 3 4 5 6 8 9 10 11 12 13 14 15 | 15.6
Fighting       | 3 6 7 9 10 11 12 13 15 | 15.4
Shields        | 3 6 7 9 10 | 10.0
Earth Magic    | 2 5 7 9 |  9.8
Staves         | 2 4 |  4.0
Evocations     | 2 4 |  4.0
Dodging        | 4 5 |  5.0
Stealth        | |  2.1

Action                   |  1- 3 |  4- 6 |  7- 9 | 10-12 | 13-15 | 16-18 | 19-21 || total
-------------------------+-------+-------+-------+-------+-------+-------+-------++-------
Melee: Unarmed           |    18 |       |       |       |       |       |       ||    18
       Staff             |       |    33 |    33 |     9 |   244 |   183 |   217 ||   719
       Punch             |       |       |     1 |       |       |       |       ||     1
       Scimitar          |       |       |       |     2 |       |       |       ||     2
 Cast: Foxfire           |    55 |    72 |       |   110 |   207 |       |       ||   444
       Scorch            |     9 |    15 |   136 |   112 |       |       |       ||   272
       Flame Wave        |       |       |     9 |    25 |    13 |       |     5 ||    52
       Iskenderun's Batt |       |       |       |    22 |    35 |       |       ||    57
       Iron Shot         |       |       |       |       |   349 |   554 |   181 ||  1084
       Fireball          |       |       |       |       |    10 |    44 |    14 ||    68
       Lee's Rapid Decon |       |       |       |       |    12 |     6 |       ||    18
       Orb of Destructio |       |       |       |       |       |     9 |    23 ||    32
       Starburst         |       |       |       |       |       |       |    21 ||    21
       Lehudib's Crystal |       |       |       |       |       |       |     1 ||     1
Evoke: Wand              |       |       |     7 |     5 |    12 |     8 |     1 ||    33
  Use: Scroll            |       |       |    16 |     6 |     8 |     5 |     6 ||    41
       Potion            |       |       |       |     2 |       |       |       ||     2
 Stab: Sleeping          |       |     1 |       |       |       |       |       ||     1
       Distracted        |       |       |       |       |       |       |     1 ||     1
Armor: Robe              |     5 |    20 |    48 |       |       |       |       ||    73
       Steam dragon scal |       |       |    12 |   103 |   273 |       |       ||   388
       Troll leather arm |       |       |       |       |   121 |   318 |   246 ||   685
Dodge: Dodged            |    24 |    30 |    79 |    75 |   242 |   209 |   206 ||   865
Block: Kite shield       |       |       |       |    32 |   331 |       |       ||   363
       Buckler           |       |       |       |       |     1 |   128 |   137 ||   266

Table legend: (Time is in decaauts)
 A = Elapsed time spent in this place.
 B = Non-inter-level travel time spent in this place.
 C = Inter-level travel time spent in this place.
 D = Time resting spent in this place.
 E = Time spent auto-exploring this place.
 F = Levels seen in this place.
 G = Mean time per level.
                   A        B        C        D        E       F      G
               +--------+--------+--------+--------+--------+-----+--------+
         Total |  58533 |  56518 |   2015 |   5797 |  41869 |  35 | 1672.4 |
       Dungeon |  19709 |  18826 |    883 |   1070 |  15374 |  14 | 1407.8 |
        Temple |     86 |     77 |      9 |      0 |     47 |   1 |   86.0 |
          Lair |  10811 |  10311 |    500 |   1115 |   7230 |   6 | 1801.8 |
        Shoals |   6638 |   6514 |    124 |    486 |   5309 |   4 | 1659.5 |
     Snake Pit |  10927 |  10488 |    439 |   2040 |   6918 |   4 | 2731.8 |
  Orcish Mines |   2905 |   2861 |     44 |    458 |   1793 |   2 | 1452.5 |
        Vaults |   6086 |   6073 |     13 |    469 |   4224 |   2 | 3043.0 |
      Ice Cave |   1136 |   1136 |      0 |     15 |    973 |   1 | 1136.0 |
       Volcano |    232 |    232 |      0 |    144 |      0 |   1 |  232.0 |
               +--------+--------+--------+--------+--------+-----+--------+

Top non-repeatable levels by time:
Vaults:1: 4447 daAuts
 Snake:3: 3505 daAuts
 Snake:4: 2735 daAuts
  Lair:6: 2717 daAuts
 Snake:2: 2709 daAuts
     D:3: 2200 daAuts
 Snake:1: 1977 daAuts
   Orc:2: 1922 daAuts
    D:11: 1844 daAuts
  Lair:5: 1804 daAuts
Shoals:2: 1801 daAuts
    D:14: 1781 daAuts
Shoals:1: 1768 daAuts
  Lair:4: 1754 daAuts
  Lair:3: 1717 daAuts
